 Dungeon Crawl Stone Soup version 0.18-a0-1692-g516f9e9 (webtiles) character file.

700 4thArraOfDagon the Cleaver (level 7, -5/63 HPs)
             Began as a Hill Orc Berserker on Apr 5, 2016.
             Was a Follower of Trog.
             Slain by a mummy (10 damage)
             ... in an ossuary.
             The game lasted 00:03:42 (856 turns).

4thArraOfDagon the Cleaver (Hill Orc Berserker)      Turns: 856, Time: 00:03:42

Health: -5/63      AC:  9    Str: 22    XL:     7   Next: 65%
Magic:  7/7        EV:  8    Int:  7    God:    Trog [*.....]
Gold:   27         SH:  0    Dex: 10    Spells: 0 memorised, 6 levels left

rFire  . . .     SeeInvis .     a - +0 hand axe
rCold  . . .     Gourm    .     e - +0 chain mail
rNeg   . . .     Faith    .     (no shield)
rPois  .         Spirit   .     (no helmet)
rElec  .         Dismiss  .     (no cloak)
rCorr  .         Reflect  .     (no gloves)
SustAt .         Harm     .     (no boots)
MR     .....                    (no amulet)
Stlth  ..........               (no ring)
                                (no ring)

@: not resistant to hostile enchantments, extremely unstealthy
A: no striking features
a: Berserk, Burn Spellbooks, Renounce Religion


You were in an ossuary.
You worshipped Trog.
Trog was aware of your devotion.
You were not hungry.

You visited 1 branch of the dungeon, and saw 5 of its levels.
You also visited: Ossuary.

You collected 27 gold pieces.

Inventory:

Hand Weapons
 a - a +0 hand axe (weapon)
Missiles
 i - a javelin of returning (quivered)
Armour
 e - a +0 chain mail (worn)
Wands
 g - a wand of acid (9/15)
Scrolls
 b - a scroll of identify {unknown}
 h - 3 scrolls of immolation {unknown}
Comestibles
 c - a bread ration
 f - a meat ration


   Skills:
 + Level 6.0 Fighting
 * Level 8.6 Axes
 + Level 4.8 Armour
 - Level 1.5 Dodging


You had 6 spell levels left.
You didn't know any spells.

Dungeon Overview and Level Annotations

Branches:
Dungeon (5/15)             Temple (0/1) D:4

Altars:
Sif Muna
Yredelemnul
Zin

Shops:
D:4 [


Message History

You hit the mummy.
The mummy is severely damaged.
The mummy barely misses you.
A mummy comes into view.
Unknown command.
You hit the mummy.
The mummy is severely damaged.
Unknown command.
You hit the mummy but do no damage.
The mummy is severely damaged.
The mummy hits you!
* * * LOW HITPOINT WARNING * * *
Unknown command.
Unknown command.
Unknown command.
Unknown command.
You enter the shallow water.
Moving in this stuff is going to be slow.
The mummy hits you!
You die...

### ## ≈≈##≈
####≈≈≈ ≈≈≈≈≈ #
#≈≈# #### #≈
#≈≈####≈#≈###
≈.#P#.#.@P≈.#P≈≈≈≈#
#.≈.≈≈≈M÷≈≈.#.≈≈###
.M≈≈≈≈(≈≈.≈.≈≈.P≈≈#
≈.##'##'##†##≈###≈#
#.. #.#...#≈≈P #.
###.∩.#≈≈≈≈# #
#∩..#≈≈P#≈#
#####≈### # .'


You could see 2 mummies.

Vanquished Creatures
  An ice beast (D:4)
  An ogre (D:4)
  A scorpion (D:4)
  6 bog bodies (Ossuary)
  A centaur zombie (Ossuary)
  2 giant frog zombies
  A hound (D:5)
  An iguana (D:4)
  A worker ant (D:5)
  A killer bee zombie (Ossuary)
  A hound zombie (Ossuary)
  A hound skeleton (D:5)
  A mummy (Ossuary)
  A worker ant zombie (Ossuary)
  2 worms (D:4)
  2 giant geckos
  An orc (D:4)
  A giant cockroach (D:5)
  3 jackals (D:1)
  A bat (D:1)
  A rat (D:3)
31 creatures vanquished.

Vanquished Creatures (others)
  4 withered plants (Ossuary)
4 creatures vanquished.

Grand Total: 35 creatures vanquished

Notes
Turn   | Place    | Note
--------------------------------------------------------------
     0 | D:1      | 4thArraOfDagon the Hill Orc Berserker began the quest for the Orb.
     0 | D:1      | Reached XP level 1. HP: 19/19 MP: 1/1
   215 | D:4      | Noticed an ice beast
   217 | D:4      | Found a glowing silver altar of Zin.
   219 | D:4      | Noticed an iguana
   224 | D:4      | Killed an iguana
   224 | D:4      | Reached skill level 5 in Axes
   224 | D:4      | Reached XP level 2. HP: 27/27 MP: 2/2
   224 | D:4      | Reached XP level 3. HP: 33/33 MP: 3/3
   229 | D:4      | Killed an ice beast
   229 | D:4      | Reached skill level 6 in Axes
   229 | D:4      | Reached XP level 4. HP: 12/41 MP: 4/4
   229 | D:4      | Reached XP level 5. HP: 14/47 MP: 5/5
   302 | D:4      | Found Ositwini's Antique Armour Boutique.
   313 | D:3      | Found a deep blue altar of Sif Muna.
   326 | D:4      | Noticed an ogre
   358 | D:4      | Killed an ogre
   368 | D:4      | Found a basalt altar of Yredelemnul.
   396 | D:4      | Found a staircase to the Ecumenical Temple.
   427 | D:4      | Reached skill level 5 in Fighting
   427 | D:4      | Reached XP level 6. HP: 24/56 MP: 6/6
   456 | D:5      | Entered Level 5 of the Dungeon
   473 | D:5      | Reached skill level 7 in Axes
   639 | D:5      | Found a sand-covered staircase.
   644 | Ossuary  | Entered an ossuary
   653 | Ossuary  | Reached XP level 7. HP: 51/61 MP: 7/7
   664 | Ossuary  | Reached ** piety under Trog
   709 | Ossuary  | Reached skill level 8 in Axes
   801 | Ossuary  | HP: 3/62 [decayed bog body (5)]
   856 | Ossuary  | Slain by a mummy

Vault maps used:
D:1:      dpeg_arrival_sounds_slurp, hangedman_decor_growths
D:2:      serial_glass, glass_columns_a, glass_columns_b, tgw_fedhas
D:3:      cheibriados_altar_1, nicolae_overflow_hidden_temple,
          gammafunk_pakellas_cloud_experiment, uniq_terence
D:4:      kennysheep_goblin_castle, lemuel_crystal_altar,
          nicolae_ru_the_path_less_chosen, lemuel_doored_altar,
          minmay_temple_entry_nine_rooms, serial_shops, shop, st_stairs_6
D:5:      enter_ossuary_2, first_bread, minivault_14, uniq_eustachio
Ossuary:  ossuary_zaba_flooded

Skill      XL: |  1  2  3  4  5  6  7 |
---------------+----------------------+-----
Fighting       | 4 5 6 |  6.0
Axes           | 5 6 7 8 |  8.6
Armour         | 3 4 |  4.8
Dodging        | |  1.5

Action                   |  1- 3 |  4- 6 |  7- 9 || total
-------------------------+-------+-------+-------++-------
Melee: Hand axe          |    18 |    50 |    48 ||   116
Throw: Javelin           |       |       |     2 ||     2
Invok: Berserk           |     2 |     5 |     3 ||    10
       Trog's Hand       |       |       |     1 ||     1
  Use: Scroll            |       |     1 |       ||     1
 Stab: Sleeping          |     1 |       |       ||     1
  Eat: Chunk             |       |     6 |     1 ||     7
       Meat ration       |       |       |     1 ||     1
